 Dungeon Crawl Stone Soup version 0.31.0-11-ge490571c62 (webtiles) character file.

Game seed: 4679021332464902292

27 qw the Shooter (level 2, -2/16 HPs)
             Began as a Deep Elf Hunter on Feb 4, 2024.
             Slain by Terence
             ... wielding a +0 mace
              (3 damage)
             ... on level 2 of the Dungeon.
             The game lasted 00:00:07 (806 turns).

qw the Shooter (Deep Elf Hunter)                     Turns: 806, Time: 00:00:07

Health: -2/16      AC:  3    Str:  8    XL:     2   Next: 93%
Magic:  4/4        EV: 12    Int: 13    God:
Gold:   142        SH:  0    Dex: 18    Spells: 1/1 levels left

rFire   . . .        a - +0 shortbow
rCold   . . .        (shield currently unavailable)
rNeg    . . .        c - +0 leather armour
rPois   .            (no helmet)
rElec   .            (no cloak)
rCorr   .            (no gloves)
SInv    .            (no boots)
Will    .....        (no amulet)
Stlth   ++           (no ring)
HPRegen 0.22/turn    (no ring)
MPRegen 0.09/turn

%: no passive effects
@: no status effects
A: no striking features
a: no special abilities


You were on level 2 of the Dungeon.
You visited 1 branch of the dungeon, and saw 2 of its levels.

You collected 142 gold pieces.


   Skills:
 - Level 1.5 Fighting
 + Level 6.6 Ranged Weapons
 - Level 2.4 Dodging
 - Level 1.2 Stealth


You had one spell level left.
You didn't know any spells.
Your spell library was empty.

Inventory:

Hand Weapons
 a - a +0 shortbow (weapon)
Armour
 c - a +0 leather armour (worn)
Scrolls
 f - a scroll of enchant armour
Potions
 e - a potion of curing
 h - 2 potions of enlightenment

Dungeon Overview and Level Annotations

Branches:
Dungeon (2/15)

Altars:

Shops:
D:1 :

Annotations:
D:2 Terence


Message History

You shoot an arrow. The arrow hits the giant cockroach.
The giant cockroach is heavily wounded.
The giant cockroach waves its antennae.
The giant cockroach barely misses you.
You shoot an arrow. The arrow hits the giant cockroach.
You kill the giant cockroach!
There is a stone staircase leading up here.
A giant cockroach comes into view.
The giant cockroach moves out of view.
Found a leather armour.
You shoot an arrow.
The arrow barely misses the giant cockroach.
You shoot an arrow. The arrow hits the giant cockroach!
You kill the giant cockroach!
You open the door.
Terence the Incautious comes into view.
He is wielding a +0 mace.
Found a spiked maw talisman.
Found a stone staircase leading down.
You shoot an arrow. The arrow barely misses Terence.
You shoot an arrow. The arrow barely misses Terence.
You shoot an arrow. The arrow barely misses Terence.
You shoot an arrow.
The arrow hits Terence but does no damage.
You shoot an arrow.
The arrow hits Terence but does no damage.
Terence hits you with a +0 mace.
You shoot an arrow. The arrow barely misses Terence.
Terence barely misses you.
You shoot an arrow.
The arrow hits Terence but does no damage.
Terence hits you with a +0 mace.
You shoot an arrow. The arrow hits Terence.
Terence is lightly wounded.
Terence hits you with a +0 mace!
Ouch! That really hurt!
You shoot an arrow.
The arrow hits Terence but does no damage.
Terence is lightly wounded.
Terence hits you with a +0 mace.
You die...
Terence says, "Time to find some more victims."

##### #...#
#########.#.###
#......##.#%..#
#.........<...#
#[....@########
#......@..>.|.
........#.#.##.
##......#...
......... ...
######### #.##
.# #


You could see Terence.

Vanquished Creatures
  A dart slug (D:1)
  4 endoplasms (D:1)
  2 giant cockroaches (D:2)
  2 hobgoblins (D:1)
  4 jackals (D:1)
  3 kobolds (D:1)
  A quokka (D:1)
  A bat (D:1)
  3 goblins (D:1)
21 creatures vanquished.

Notes
Turn   | Place    | Note
-------+----------+-------------------------------------------
     0 | D:1      | qw the Deep Elf Hunter began the quest for the Orb.
     0 | D:1      | Reached XP level 1. HP: 12/12 MP: 3/3
     0 | D:1      | 0 ||| qw: Version: 0.3-a-160-g6735b56
     0 | D:1      | 0 ||| qw: Game counter: 5917
     0 | D:1      | 0 ||| qw: Melee chars always use a shield: true
     0 | D:1      | 0 ||| qw: God list: Okawaru
     0 | D:1      | 0 ||| qw: Allow faded altars: false
     0 | D:1      | 0 ||| qw: Do Orc after clearing Dungeon:15 true
     0 | D:1      | 0 ||| qw: Do second Lair branch before Depths: true
     0 | D:1      | 0 ||| qw: Lair rune preference: random
     0 | D:1      | 0 ||| qw: Goals: Normal
     0 | D:1      | 0 ||| PLANNING D:1-11
   101 | D:1      | Found Zeikluh's Book Shop.
   140 | D:1      | Reached XP level 2. HP: 6/16 MP: 4/4
   141 | D:1      | Reached skill level 6 in Ranged Weapons
   190 | D:1      | Found a faded altar of an unknown god.
   755 | D:1      | 755 ||| READING scroll labelled IFAECU SOTASETU.
   759 | D:1      | 759 ||| READING 2 scrolls labelled VIDWEUNANK.
   759 | D:1      | 759 ||| ENCHANTING +0 shortbow.
   760 | D:1      | 760 ||| READING 3 scrolls labelled CUICA YTYASTI.
   760 | D:1      | 760 ||| IDENTIFYING emerald potion
   761 | D:1      | 761 ||| READING 2 scrolls of identify.
   761 | D:1      | 761 ||| IDENTIFYING bubbling purple potion
   762 | D:1      | 762 ||| READING scroll of identify.
   762 | D:1      | 762 ||| IDENTIFYING 2 bubbling inky potions
   763 | D:1      | 763 ||| DROPPING scroll of butterflies.
   764 | D:1      | 764 ||| DROPPING potion of lignification.
   797 | D:2      | Noticed Terence
   805 | D:2      | HP: 1/16 [Terence/+0 mace (8)]
   806 | D:2      | Slain by Terence

Levels and vault maps discovered:
D:1:      heliophobic_arrival_henge, layout_loops_ring, serial_shops,
          nicolae_shop_advertising_works [nicolae_subvault_shop_adworks],
          shapermc_ecumenical_altar_rom_forum, minmay_heptomino_h4
D:2:      layout_basic, serial_shops, nicolae_shop_tiny_glass,
          nicolae_shop_real_fake_doors, nicolae_shop_back_alley_shop, shop,
          uniq_terence

Skill      XL: |  1  2 |
---------------+-------+-----
Ranged Weapons | 6 |  6.6
Fighting       | |  1.5
Dodging        | |  2.4
Stealth        | |  1.2

Action                     || total
---------------------------++-------
   Fire: Shortbow          ||    74
    Use: Scroll            ||     5
 Armour: Leather armour    ||    32
  Dodge: Dodged            ||    33

Table legend:
 A = Non-vault XP
 B = Vault XP
 C = Vault XP percentage of total XP
 D = Non-vault monster count
 E = Vault monster count
 F = Vault count percentage of total count
                 A         B        C        D         E       F
            +---------+---------+-------+---------+---------+-------
      Total |      33 |       6 |  15.4 |      18 |       3 |  14.3
            +---------+---------+-------+---------+---------+-------
        D:1 |      29 |       6 |  17.1 |      16 |       3 |  15.8
        D:2 |       4 |       0 |   0.0 |       2 |       0 |   0.0
            +---------+---------+-------+---------+---------+-------
